 Dungeon Crawl Stone Soup version 0.21.1-1-g345015f (console) character file.

101 erker the Changer (level 4, -4/28 HPs)
             Began as an Octopode Transmuter on Apr 6, 2018.
             Slain by an orc
             ... wielding a +0 war axe
              (11 damage)
             ... on level 3 of the Dungeon.
             The game lasted 00:09:20 (2115 turns).

erker the Changer (Octopode Transmuter)             Turns: 2115, Time: 00:09:21

Health: -4/28      AC:  1    Str:  9    XL:     4   Next: 75%
Magic:  1/8        EV: 12    Int: 16    God:
Gold:   83         SH:  3    Dex: 12    Spells: 2/9 levels left

rFire    . . .     SeeInvis .     - Unarmed
rCold    . . .     Gourm    .   f - +0 buckler
rNeg     . . .     Faith    .   (helmet restricted)
rPois    .         Spirit   .   (no amulet)
rElec    .         Reflect  .   (no ring)
rCorr    .         Harm     .   (no ring)
MR       .....                  (no ring)
Stlth    ++........             (no ring)
HPRegen  0.09/turn              (no ring)
MPRegen  0.11/turn              (no ring)
                                (no ring)
                                (no ring)

@: no status effects
A: almost no armour, stealthy swim, amphibious, 8 rings, constrict 8, camouflage
1, gelatinous body 1
a: no special abilities


You were on level 3 of the Dungeon.
You were near starving.

You visited 1 branch of the dungeon, and saw 3 of its levels.

You collected 83 gold pieces.

Inventory:

Missiles
 a - 47 arrows
 d - 14 poisoned needles
 i - 6 needles of confusion
Armour
 f - a +0 buckler (worn)
Scrolls
 e - a scroll of remove curse {unknown}
 g - 2 scrolls of identify {unknown}
 l - a scroll of noise {unknown}
Potions
 h - 2 potions of cancellation {unknown}
 j - a potion of mutation {unknown}
 m - a potion of magic {unknown}
Books
 b - a book of Changes

   Spells                             Type                      Level
   a - Beastly Appendage              Transmutation                1
   b - Sticks to Snakes               Transmutation                2
   c - Spider Form                    Transmutation/Poison         3
   d - Ice Form                       Ice/Transmutation            4
   e - Blade Hands                    Transmutation                5
Comestibles
 c - 3 rations


   Skills:
 - Level 1.0 Fighting
 - Level 2.0 Dodging
 - Level 3.0 Unarmed Combat
 + Level 3.1 Spellcasting
 * Level 3.8 Transmutations
 * Level 0.4 Ice Magic


You had 2 spell levels left.
You knew the following spells:

 Your Spells              Type           Power        Failure   Level  Hunger
a - Beastly Appendage     Tmut           ##....       6%          1    None
t - Sticks to Snakes      Tmut           ##......     10%         2    ##.....
y - Ice Form              Ice/Tmut       #.......     77%         4    ####...


Dungeon Overview and Level Annotations

Branches:
Dungeon (3/15)

Altars:


Innate Abilities, Weirdness & Mutations

You cannot wear most types of armour.
You are very stealthy in the water. (Stealth+)
You are amphibious.
You can wear up to eight rings at the same time.
You can use your tentacles to constrict eight enemies at once.
Your skin changes colour to match your surroundings (Stealth+).
Your rubbery body absorbs attacks. (AC +1, EV +1)


Message History

The orc wizard closely misses you. The orc hits you with a war axe!
* * * LOW HITPOINT WARNING * * *
You tentacle-slap the orc wizard but do no damage.
The orc wizard is severely wounded.
Your ball python bites the orc wizard but does no damage.
Your ball python constricts the orc wizard.
The orc wizard hits your ball python with a dagger.
Your ball python dies!
The orc wizard shouts!
Casting: Sticks to Snakes
Confirm with . or Enter, or press ? or * to list all spells.
You create a snake!
You now have 48 arrows.
The orc hits you but does no damage.
The orc hits your ball python with a war axe.
The orc wizard hits you with a dagger.
* * * LOW HITPOINT WARNING * * *
Casting: Sticks to Snakes
Confirm with . or Enter, or press ? or * to list all spells.
You create a snake!
You now have 47 arrows.
The orc hits you with a war axe!
You die...

# .#
###.#####
#@o....?.
#o#S#####
.S. #
.#.##
..#.# ..
#.# ...
... $..
#.#


You could see an orc wizard, an orc and 2 friendly ball pythons.

Vanquished Creatures
  An orc wizard (D:2)
  An adder (D:2)
  2 worms (D:2)
  2 orcs
  3 bats (D:2)
  2 giant cockroaches (D:2)
  4 goblins
  7 hobgoblins
  4 jackals
  6 kobolds
  2 ball pythons
  3 frilled lizards
  5 rats
42 creatures vanquished.

Vanquished Creatures (collateral kills)
  An adder (D:2)
  A jackal (D:3)
  A bat (D:2)
  A kobold (D:3)
  A rat (D:3)
5 creatures vanquished.

Grand Total: 47 creatures vanquished

Notes
Turn   | Place    | Note
-------+----------+-------------------------------------------
     0 | D:1      | erker the Octopode Transmuter began the quest for the Orb.
     0 | D:1      | Reached XP level 1. HP: 13/13 MP: 3/3
   301 | D:1      | Reached XP level 2. HP: 16/18 MP: 3/5
   307 | D:1      | Learned a level 2 spell: Sticks to Snakes
   886 | D:2      | Reached XP level 3. HP: 23/23 MP: 4/6
  1494 | D:2      | Reached XP level 4. HP: 18/28 MP: 5/8
  1501 | D:2      | Learned a level 4 spell: Ice Form
  1852 | D:3      | Noticed an ice beast
  2115 | D:3      | Slain by an orc

Skill      XL: |  1  2  3  4 |
---------------+-------------+-----
Transmutations | 3 |  3.8
Spellcasting   | 3 |  3.1
Fighting       | |  1.0
Dodging        | |  2.0
Unarmed Combat | |  3.0
Ice Magic      | |  0.4

Action                   |  1- 3 |  4- 6 || total
-------------------------+-------+-------++-------
Melee: Unarmed           |    73 |    36 ||   109
       Kick              |    15 |     3 ||    18
       Constrict         |    19 |     3 ||    22
       Tentacles         |     6 |     5 ||    11
       Punch             |     5 |     1 ||     6
 Cast: Beastly Appendage |    22 |     5 ||    27
       Sticks to Snakes  |     7 |     7 ||    14
 Stab: Sleeping          |     4 |     3 ||     7
       Distracted        |       |     1 ||     1
  Eat: Chunk             |     2 |     1 ||     3
Armor: Skin              |     9 |       ||     9
Dodge: Dodged            |    34 |    18 ||    52
Block: Buckler           |    11 |     2 ||    13
